 Dungeon Crawl Stone Soup version 0.29.1-14-g9c671dbff4 (webtiles) character file.

Game seed: 15577090530859557907

170 Hrothgar the Covered (level 6, -3/52 HPs)
             Began as a Meteoran Fighter on Feb 14, 2023.
             Was an Initiate of Yredelemnul.
             Killed from afar by Natasha (12 damage)
             ... with a bolt of light
             ... on level 4 of the Dungeon.
             The game lasted 00:08:06 (1955 turns).

Hrothgar the Covered (Meteoran Fighter)             Turns: 1955, Time: 00:08:07

Health: -3/52      AC: 10    Str: 17    XL:     6   Next: 8%
Magic:  7/7        EV:  9    Int: 12    God:    Yredelemnul [......]
Gold:   113        SH:  0    Dex: 14    Spells: 5/5 levels left

rFire   . . .      SeeInvis .   a - +1 long sword
rCold   . . .      Faith    .   c - +0 buckler
rNeg    . . .      Spirit   .   b - +0 scale mail
rPois   .          Reflect  .   s - +2 helmet
rElec   .          Harm     .   (no cloak)
rCorr   .          Rampage  .   (no gloves)
Will    .....                   (no boots)
Stlth   ..........              (no amulet)
HPRegen 0.17/turn               (no ring)
MPRegen 0.10/turn               (no ring)

@: confused, slowed, glowing, very slow
A: sense surroundings 1, otherworldly, glowing, explore regen
a: Renounce Religion, Recall Undead Harvest


You were on level 4 of the Dungeon.
You worshipped Yredelemnul.
Yredelemnul was noncommittal.
You visited 1 branch of the dungeon, and saw 4 of its levels.

You collected 113 gold pieces.

Inventory:

Hand Weapons
 a - a +1 long sword (weapon)
Missiles
 j - 6 boomerangs (quivered)
Armour
 b - a +0 scale mail (worn)
 c - a +0 buckler (worn)
 s - a +2 helmet (worn)
Jewellery
 n - a +6 ring of intelligence
Wands
 r - a wand of light (5)
 x - a wand of paralysis (11)
Scrolls
 g - 2 scrolls of poison
 h - a scroll of silence {unknown}
 i - a scroll of fear
 l - a scroll of vulnerability
 p - 2 scrolls of teleportation
 q - a scroll of amnesia {unknown}
 t - 2 scrolls of butterflies
 v - a scroll of magic mapping {unknown}
Potions
 d - a potion of curing {unknown}
 e - a potion of mutation {unknown}
 f - 2 potions of haste
 k - a potion of invisibility {unknown}
 m - a potion of berserk rage {unknown}
 o - a potion of lignification {unknown}
 u - 2 potions of degeneration {unknown}
 w - a potion of attraction {unknown}


   Skills:
 * Level 3.8 Fighting
 * Level 1.1(2.2) Short Blades
 + Level 3.2(3.4) Long Blades
 * Level 1.2 Throwing
 * Level 4.6 Armour
 * Level 1.6 Dodging
 * Level 1.0 Stealth
 * Level 4.4 Shields
 * Level 0.7 Evocations


You had 5 spell levels left.
You didn't know any spells.
Your spell library was empty.

Dungeon Overview and Level Annotations

Branches:
Dungeon (4/15) Zot: 399
 Temple: D:4-7

Altars:
Yredelemnul

Shops:
D:2 *   D:3 =

Annotations:
D:4 Natasha


Innate Abilities, Weirdness & Mutations

You passively map a small area around you.
You are easily found by Zot.
You glow in the dark.
You regain HP and MP as you explore.


Message History

Natasha is severely wounded.
Your orc zombie hits Natasha but does no damage.
Natasha barely misses you. The crimson imp hits your orc zombie.
You catch the helpless Natasha completely off-guard!
You hit Natasha.
You kill Natasha!
You hear a faint echoing roar filled with hate and sorrow!
The crimson imp disappears in a puff of smoke!
Your Stealth skill increases to level 1!
You have reached level 6!
You feel clever.
You swap places.
j - 6 boomerangs (gained 3)
You see here a +0 short sword.
Things that are here:
a +0 hand axe; a +0 war axe Natasha, Servant of Life and Death comes into view.
She is carrying a wand of light (7).
Natasha hisses angrily.
Natasha casts a spell at you.
You feel yourself slow down.
Natasha growls.
Natasha casts a spell. x2
Natasha stares at you and mumbles some strange words.
You easily resist.
Your orc zombie barely misses Natasha.
Natasha claws your orc zombie!
Your orc zombie is destroyed!
Throw: 6 boomerangs
Press: ? - help, Q - select action, (/) - cycle Shift-Dir - straight line, f - white imp
Aim: a white imp (summoned, 59% to hit)
You throw a boomerang.
The boomerang barely misses the white imp.
Natasha zaps a wand.
The bolt of light hits you.
You are confused.
* * * LOW HITPOINT WARNING * * *
The white imp grinds its teeth.
Natasha wildly gestures.
You feel troubled.
Natasha zaps a wand.
The bolt of light hits you!
You die...
Your body rises from the dead as a mindless zombie.

, ## * *, .. ... , *
. * .... , .,
*##.... ,#.* ......
#.#####.....# *
#...........# ,
##...)..#5...# , ,
##...).@..5.... , *
, #..........h...
#.#...#..##.#.. ,
.####.#..##)##*,..#
.........##)# .. * *
* , #..#.....#.# ,
..# , #..##...#.###
,#..## ,,
#..........##......
* *
####.....).........,


You could see Natasha and 2 white imps.

Vanquished Creatures
  The ghost of TehGamerNoob the Trooper, a weakling DsAK of Lugonu (D:3)
  Natasha (twice) (D:4)
  A gnoll (D:1)
  An adder (D:3)
  5 orcs
  4 bats
  3 endoplasms
  A giant cockroach (D:1)
  2 hobgoblins
  2 jackals (D:3)
  7 ball pythons
  A frilled lizard (D:1)
  3 goblins
  5 kobolds
  4 rats
42 creatures vanquished.

Vanquished Creatures (collateral kills)
  An adder (D:2)
  A worm (D:2)
  A bat (D:2)
  2 rats (D:2)
5 creatures vanquished.

Vanquished Creatures (others)
  A bat zombie (D:2)
  An orc zombie (D:4)
  A plant (D:1)
3 creatures vanquished.

Grand Total: 50 creatures vanquished

Notes
Turn   | Place    | Note
-------+----------+-------------------------------------------
     0 | D:1      | Hrothgar the Meteoran Fighter began the quest for the Orb.
     0 | D:1      | Reached XP level 1. HP: 19/19 MP: 2/2
   261 | D:1      | Reached XP level 2. HP: 22/26 MP: 3/3
   308 | D:1      | Reached XP level 3. HP: 31/31 MP: 4/4
   484 | D:1      | Glimpsed the power of Zot.
   601 | D:2      | You fall into a shaft and drop 2 floors!
   609 | D:4      | Noticed Natasha
   617 | D:4      | Killed Natasha
   618 | D:4      | Reached skill level 1 in Dodging
   618 | D:4      | Reached XP level 4. HP: 33/40 MP: 5/5
   659 | D:3      | Found Ulaly's Jewellery Boutique.
   714 | D:3      | Found a runed translucent gate.
   714 | D:3      | Found a runed translucent gate.
   714 | D:3      | Found a runed translucent gate.
   807 | D:3      | Noticed TehGamerNoob's ghost (weakling DsAK)
   901 | D:3      | Found a faded altar of an unknown god.
   907 | D:3      | Prayed at the altar of an unknown god.
   907 | D:3      | Became a worshipper of Yredelemnul the Dark
   907 | D:3      | Reached * piety under Yredelemnul
  1235 | D:2      | Found Dapi's General Store.
  1249 | D:2      | Reached XP level 5. HP: 46/46 MP: 6/6
  1694 | D:3      | Killed TehGamerNoob's ghost
  1695 | D:3      | Reached skill level 1 in Short Blades
  1695 | D:3      | Reached skill level 1 in Throwing
  1923 | D:4      | Noticed Natasha
  1946 | D:4      | Killed Natasha
  1947 | D:4      | Reached skill level 1 in Stealth
  1947 | D:4      | Reached XP level 6. HP: 12/52 MP: 7/7
  1950 | D:4      | Noticed Natasha
  1955 | D:4      | Killed from afar by Natasha

Illustrated notes

Levels and vault maps discovered:
D:1:      minmay_arrival_plants_in_alcoves, layout_rooms
D:2:      minmay_angry_zag, layout_rooms, serial_shops, shop,
          minmay_parallelograms, nrook_uturn
D:3:      layout_rooms, serial_shops, shop, gammafunk_ghost_split,
          dreamdust_ecumenical_altar_angels_and_demons
D:4:      layout_rooms, uniq_natasha, uniq_duvessa

Skill      XL: |  1  2  3  4  5 |
---------------+----------------+-----
Shields        | 4 |  4.4
Armour         | 4 |  4.6
Dodging        | 1 |  1.6
Short Blades   | 1 |  1.1
Long Blades    | 3 |  3.2
Throwing       | 1 |  1.2
Stealth        | 1 |  1.0
Fighting       | |  3.8
Evocations     | |  0.7

Action                   |  1- 3 |  4- 6 || total
-------------------------+-------+-------++-------
Melee: Long sword        |    66 |    74 ||   140
Throw: Boomerang         |       |     1 ||     1
Evoke: Wand              |       |     4 ||     4
  Use: Scroll            |     3 |     5 ||     8
       Potion            |       |     1 ||     1
 Stab: Invisible         |       |     1 ||     1
Armor: Scale mail        |    43 |    46 ||    89
Dodge: Dodged            |    31 |    43 ||    74
Block: Buckler           |    20 |    36 ||    56
